2647 views
Uploaded 2021-01-14 00:59:53
Game version 1.32.9
54:50 long 1on1on1on1 ladder game on (4)LostTemple_LV
Saved by Osibe
2647 views
Uploaded 2021-01-14 00:59:53
Game version 1.32.9
54:50 long 1on1on1on1 ladder game on (4)LostTemple_LV

50 units @ 7.8k
/ 1.1k
34 buildings @ 3.6k
/ 1.8k



| Scroll of Regeneration | 6 | 600 |
| Potion of Healing | 1 | 150 |
| Orb of Fire | 2 | 650 |
| Potion of Mana | 1 | 200 |
| Scroll of Town Portal | 4 | 1400 |
| total: | 14 | 3000g |
| Peasant | 20 | 1500 | / | 0 |
| Rifleman | 9 | 1845 | / | 270 |
| Priest | 1 | 135 | / | 10 |
| Knight | 8 | 1960 | / | 480 |
| Spell Breaker | 5 | 1075 | / | 150 |
| Sorceress | 2 | 310 | / | 40 |
| Dragonhawk Rider | 4 | 800 | / | 120 |
| Siege Engine | 1 | 195 | / | 60 |
| total: | 50 | 7820g | / | 1130w |
| Scout Tower | 9 | 270 | / | 180 |
| Arcane Tower | 2 | 140 | / | 100 |
| Guard Tower | 6 | 420 | / | 300 |
| Altar of Kings | 1 | 180 | / | 50 |
| Farm | 12 | 960 | / | 240 |
| Blacksmith | 1 | 140 | / | 60 |
| Barracks | 2 | 320 | / | 120 |
| Town Hall | 2 | 770 | / | 410 |
| Lumber Mill | 1 | 120 | / | 0 |
| Arcane Vault | 1 | 130 | / | 30 |
| Arcane Sanctum | 3 | 450 | / | 420 |
| Workshop | 1 | 140 | / | 140 |
| Gryphon Aviary | 1 | 140 | / | 150 |
| Keep | 1 | 320 | / | 210 |
| Castle | 1 | 360 | / | 210 |
| total: | 34 | 3620g | / | 1800w |
| 0:05 | Peasant |
| 0:11 | Peasant |
| 0:24 | Altar of Kings |
| 0:31 | Farm |
| 0:35 | Peasant |
| 0:50 | Peasant |
| 0:53 | Peasant |
| 0:59 | Farm |
| 1:10 | Peasant |
| 1:18 | Blacksmith |
| 1:31 | Barracks |
| 1:33 | Peasant |
| 1:47 | Farm |
| 1:49 | Peasant |
| 1:56 | Scout Tower |
| 1:58 | Peasant |
| 2:06 | Peasant |
| 2:23 | Arcane Tower |
| 2:30 | Storm Bolt |
| 2:35 | Rifleman |
| 2:46 | Farm |
| 3:01 | Rifleman |
| 3:20 | Rifleman |
| 3:26 | Peasant |
| 4:02 | Peasant |
| 4:02 | Peasant |
| 4:19 | Town Hall |
| 4:22 | Scout Tower |
| 4:24 | Scout Tower |
| 4:29 | Bash |
| 4:46 | Peasant |
| 5:25 | Keep |
| 5:27 | Lumber Mill |
| 5:37 | Rifleman |
| 5:44 | Arcane Vault |
| 5:58 | Scout Tower |
| 6:12 | Peasant |
| 6:12 | Peasant |
| 6:14 | Peasant |
| 6:29 | Scout Tower |
| 6:31 | Rifleman |
| 6:36 | Guard Tower |
| 6:39 | Guard Tower |
| 6:41 | Guard Tower |
| 6:46 | Scroll of Regeneration |
| 6:47 | Scroll of Regeneration |
| 6:58 | Farm |
| 7:00 | Rifleman |
| 7:17 | Storm Bolt |
| 7:31 | Rifleman |
| 7:34 | Guard Tower |
| 7:37 | Scout Tower |
| 7:41 | Rifleman |
| 7:44 | Barracks |
| 8:05 | Arcane Sanctum |
| 8:10 | Farm |
| 8:20 | Guard Tower |
| 8:22 | Scout Tower |
| 8:33 | Long Rifles |
| 8:46 | Castle |
| 8:52 | Divine Shield |
| 9:19 | Farm |
| 9:21 | Rifleman |
| 10:50 | Arcane Sanctum |
| 10:55 | Farm |
| 10:58 | Black Gunpowder |
| 10:59 | Studded Leather Armor |
| 11:00 | Improved Lumber Harvesting |
| 11:00 | Improved Masonry |
| 11:18 | Arcane Tower |
| 12:02 | Workshop |
| 12:07 | Sundering Blades |
| 12:50 | Priest |
| 12:54 | Farm |
| 13:07 | Arcane Sanctum |
| 13:09 | Fragmentation Shards |
| 13:12 | Animal War Training |
| 13:13 | Farm |
| 13:16 | Brilliance Aura |
| 14:15 | Holy Light |
| 14:47 | Gryphon Aviary |
| 14:50 | Barrage |
| 14:51 | Flare |
| 14:53 | Knight |
| 14:56 | Spell Breaker |
| 14:58 | Sorceress |
| 14:58 | Sorceress |
| 15:43 | Knight |
| 15:48 | Farm |
| 15:49 | Potion of Healing |
| 15:49 | Orb of Fire |
| 15:50 | Potion of Mana |
| 15:50 | Scroll of Town Portal |
| 15:51 | Scroll of Town Portal |
| 15:56 | Scroll of Regeneration |
| 15:56 | Scroll of Regeneration |
| 16:19 | Iron Forged Swords |
| 16:20 | Advanced Lumber Harvesting |
| 16:24 | Town Hall |
| 16:25 | Scout Tower |
| 16:58 | Bash |
| 17:22 | Spell Breaker |
| 17:26 | Scout Tower |
| 17:39 | Farm |
| 18:14 | Guard Tower |
| 18:29 | Knight |
| 18:41 | Magic Sentry |
| 19:36 | Peasant |
| 19:36 | Peasant |
| 19:36 | Peasant |
| 20:08 | Summon Water Elemental |
| 20:24 | Divine Shield |
| 21:19 | Scroll of Regeneration |
| 21:19 | Scroll of Regeneration |
| 21:28 | Orb of Fire |
| 21:29 | Scroll of Town Portal |
| 21:42 | Dragonhawk Rider |
| 21:42 | Dragonhawk Rider |
| 21:42 | Dragonhawk Rider |
| 21:45 | Knight |
| 21:47 | Spell Breaker |
| 22:14 | Spell Breaker |
| 22:20 | Knight |
| 22:46 | Summon Water Elemental |
| 22:49 | Knight |
| 22:53 | Dragonhawk Rider |
| 23:34 | Knight |
| 24:23 | Storm Bolt |
| 25:29 | Siege Engine |
| 25:37 | Spell Breaker |
| 25:40 | Knight |
| 27:39 | Scroll of Town Portal |
| Right click | 951 |
| Select | 419 |
| Select group | 146 |
| Build/train/purchase | 117 |
| Use ability | 36 |
| Assign group | 17 |
| Misc. action | 1 |
| Remove unit | 1 |
81 units @ 10k
/ 1.6k
60 buildings @ 9.6k
/ 4.6k



| Moonstone | 3 | 150 |
| Lesser Clarity Potion | 4 | 280 |
| Staff of Preservation | 3 | 450 |
| Potion of Healing | 2 | 300 |
| Orb of Venom | 2 | 650 |
| Potion of Mana | 2 | 400 |
| Scroll of Town Portal | 4 | 1400 |
| Scroll of Healing | 1 | 250 |
| Periapt of Vitality | 3 | 975 |
| Circlet of Nobility | 1 | 175 |
| Potion of Lesser Invulnerability | 1 | 150 |
| Scroll of Protection | 1 | 150 |
| total: | 27 | 5330g |
| Wisp | 48 | 2880 | / | 0 |
| Archer | 10 | 1300 | / | 100 |
| Mountain Giant | 5 | 1750 | / | 500 |
| Hippogryph | 5 | 800 | / | 100 |
| Druid of the Claw | 3 | 765 | / | 240 |
| Chimaera | 3 | 990 | / | 210 |
| Dryad | 5 | 725 | / | 300 |
| Goblin Shredder | 2 | 750 | / | 200 |
| total: | 81 | 9960g | / | 1650w |
| Ancient Protector | 16 | 2160 | / | 1280 |
| Ancient of War | 2 | 300 | / | 120 |
| Moon Well | 19 | 3420 | / | 760 |
| Altar of Elders | 1 | 180 | / | 50 |
| Tree of Life | 3 | 1020 | / | 555 |
| Ancient of Wonders | 8 | 720 | / | 240 |
| Hunter's Hall | 2 | 420 | / | 200 |
| Ancient of Lore | 2 | 310 | / | 290 |
| Ancient of Wind | 5 | 750 | / | 700 |
| Chimaera Roost | 2 | 280 | / | 380 |
| Tree of Ages | 1 | 320 | / | 180 |
| Tree of Eternity | 1 | 330 | / | 200 |
| total: | 60 | 9560g | / | 4575w |
| 0:03 | Wisp |
| 0:03 | Wisp |
| 0:24 | Wisp |
| 0:27 | Ancient of War |
| 0:35 | Ancient of War |
| 0:41 | Moon Well |
| 0:44 | Wisp |
| 0:47 | Wisp |
| 0:47 | Wisp |
| 0:48 | Wisp |
| 1:30 | Altar of Elders |
| 1:36 | Archer |
| 1:41 | Wisp |
| 1:47 | Moon Well |
| 1:50 | Wisp |
| 1:50 | Wisp |
| 1:54 | Archer |
| 2:00 | Wisp |
| 2:01 | Wisp |
| 2:53 | Drunken Brawler |
| 2:59 | Wisp |
| 2:59 | Wisp |
| 3:32 | Wisp |
| 3:32 | Wisp |
| 3:45 | Tree of Life |
| 3:50 | Archer |
| 4:04 | Breath of Fire |
| 4:11 | Moon Well |
| 4:12 | Moon Well |
| 4:14 | Tree of Ages |
| 4:18 | Moon Well |
| 4:36 | Ancient of Wonders |
| 4:40 | Archer |
| 4:40 | Archer |
| 5:02 | Archer |
| 5:12 | Hunter's Hall |
| 5:29 | Archer |
| 5:54 | Wisp |
| 5:55 | Archer |
| 6:35 | Archer |
| 6:50 | Improved Bows |
| 7:09 | Cluster Rockets |
| 7:22 | Tree of Eternity |
| 7:33 | Wisp |
| 7:33 | Wisp |
| 7:48 | Ancient of Lore |
| 7:49 | Ancient of Lore |
| 8:06 | Wisp |
| 8:08 | Nature's Blessing |
| 8:17 | Moon Well |
| 8:27 | Ancient Protector |
| 8:40 | Goblin Shredder |
| 8:40 | Goblin Shredder |
| 8:50 | Drunken Haze |
| 9:13 | Moonstone |
| 9:14 | Lesser Clarity Potion |
| 9:17 | Staff of Preservation |
| 9:23 | Moon Well |
| 9:34 | Moon Well |
| 9:38 | Archer |
| 9:44 | Potion of Healing |
| 9:47 | Orb of Venom |
| 9:52 | Well Spring |
| 9:57 | Moon Well |
| 9:59 | Hunter's Hall |
| 10:02 | Wisp |
| 10:02 | Wisp |
| 10:22 | Hardened Skin |
| 10:23 | Resistant Skin |
| 10:27 | Moon Well |
| 10:29 | Scroll of Town Portal |
| 10:40 | Ancient Protector |
| 10:41 | Ancient Protector |
| 10:50 | Druid of the Claw Adept Training |
| 10:54 | Engineering Upgrade |
| 11:04 | Marksmanship |
| 11:34 | Silence |
| 12:12 | Wisp |
| 12:17 | Ancient of Wonders |
| 12:36 | Tree of Life |
| 12:38 | Orb of Venom |
| 12:39 | Staff of Preservation |
| 12:48 | Reinforced Hides |
| 12:48 | Strength of the Wild |
| 12:49 | Ultravision |
| 12:51 | Druid of the Claw Master Training |
| 13:23 | Wisp |
| 13:23 | Wisp |
| 13:23 | Wisp |
| 13:24 | Wisp |
| 13:25 | Ancient of Wind |
| 13:31 | Ancient of Wind |
| 13:33 | Ancient of Wind |
| 13:42 | Mark of the Claw |
| 13:44 | Ancient of Wind |
| 14:22 | Improved Strength of the Wild |
| 14:23 | Improved Reinforced Hides |
| 14:28 | Ancient of Wind |
| 14:29 | Chimaera Roost |
| 14:30 | Chimaera Roost |
| 14:39 | Wisp |
| 14:39 | Wisp |
| 14:39 | Wisp |
| 14:39 | Wisp |
| 14:50 | Abolish Magic |
| 14:52 | Druid of the Talon Adept Training |
| 15:47 | Mountain Giant |
| 15:48 | Hippogryph |
| 16:38 | Hippogryph |
| 16:57 | Cluster Rockets |
| 17:22 | Breath of Fire |
| 17:53 | Black Arrow |
| 17:55 | Wisp |
| 17:55 | Wisp |
| 17:59 | Druid of the Talon Master Training |
| 18:00 | Corrosive Breath |
| 18:03 | Moon Well |
| 18:06 | Moon Well |
| 18:22 | Advanced Strength of the Wild |
| 18:23 | Advanced Reinforced Hides |
| 18:29 | Moonstone |
| 18:30 | Lesser Clarity Potion |
| 18:34 | Lesser Clarity Potion |
| 18:39 | Staff of Preservation |
| 18:40 | Potion of Healing |
| 18:40 | Potion of Mana |
| 18:51 | Ancient Protector |
| 18:52 | Wisp |
| 18:52 | Wisp |
| 18:52 | Wisp |
| 18:52 | Wisp |
| 18:52 | Wisp |
| 19:01 | Moon Well |
| 19:14 | Druid of the Claw |
| 19:16 | Ancient Protector |
| 19:24 | Ancient of Wonders |
| 19:59 | Moon Well |
| 20:00 | Moon Well |
| 20:03 | Ancient Protector |
| 20:06 | Ancient Protector |
| 20:12 | Ancient Protector |
| 20:23 | Ancient of Wonders |
| 20:30 | Ancient of Wonders |
| 20:31 | Wisp |
| 20:31 | Wisp |
| 20:49 | Hippogryph |
| 20:50 | Mark of the Talon |
| 21:02 | Ancient Protector |
| 21:03 | Ancient Protector |
| 21:08 | Periapt of Vitality |
| 21:08 | Circlet of Nobility |
| 21:09 | Potion of Lesser Invulnerability |
| 22:08 | Engineering Upgrade |
| 22:12 | Breath of Fire |
| 22:25 | Silence |
| 23:22 | Mountain Giant |
| 23:54 | Chimaera |
| 23:59 | Druid of the Claw |
| 24:19 | Potion of Mana |
| 24:43 | Black Arrow |
| 25:18 | Storm Earth and Fire |
| 25:28 | Wisp |
| 25:51 | Lesser Clarity Potion |
| 25:52 | Moonstone |
| 26:00 | Moon Well |
| 26:01 | Moon Well |
| 26:16 | Hippogryph |
| 26:17 | Hippogryph |
| 27:08 | Moon Well |
| 27:08 | Moon Well |
| 27:20 | Silence |
| 27:33 | Scroll of Town Portal |
| 27:44 | Periapt of Vitality |
| 27:52 | Ancient Protector |
| 27:53 | Ancient Protector |
| 27:55 | Ancient Protector |
| 27:57 | Ancient Protector |
| 27:57 | Ancient Protector |
| 28:05 | Ancient of Wonders |
| 28:17 | Chimaera |
| 30:29 | Periapt of Vitality |
| 30:30 | Scroll of Protection |
| 30:30 | Scroll of Healing |
| 31:20 | Cluster Rockets |
| 32:21 | Mountain Giant |
| 32:22 | Chimaera |
| 33:17 | Mountain Giant |
| 33:34 | Dryad |
| 33:38 | Dryad |
| 33:38 | Dryad |
| 33:54 | Ancient of Wonders |
| 35:13 | Dryad |
| 35:23 | Ancient Protector |
| 36:24 | Dryad |
| 37:12 | Scroll of Town Portal |
| 37:16 | Mountain Giant |
| 37:39 | Drunken Haze |
| 38:50 | Druid of the Claw |
| 38:58 | Tree of Life |
| 40:52 | Robo-Goblin |
| 40:58 | Charm |
| 41:21 | Wisp |
| 41:21 | Wisp |
| 41:22 | Wisp |
| 42:54 | Wisp |
| 42:54 | Wisp |
| 43:26 | Scroll of Town Portal |
| 43:36 | Ancient of Wonders |
| 43:39 | Wisp |
| 43:39 | Wisp |
| 49:43 | Drunken Brawler |
| Right click | 2198 |
| Select | 1219 |
| Select group | 1043 |
| Misc. action | 264 |
| Build/train/purchase | 234 |
| Use ability | 211 |
| Assign group | 102 |
| Item give/drop | 14 |
| Esc | 9 |
74 units @ 11.5k
/ 2.3k
63 buildings @ 6.4k
/ 3.7k



x1)
| Lesser Clarity Potion | 15 | 1050 |
| Scroll of Regeneration | 12 | 1200 |
| Mechanical Critter | 2 | 100 |
| Orb of Fire | 3 | 975 |
| Staff of Sanctuary | 3 | 750 |
| Scroll of Town Portal | 5 | 1750 |
| Scroll of Healing | 6 | 1500 |
| Boots of Speed | 2 | 500 |
| Potion of Lesser Invulnerability | 7 | 1050 |
| Scroll of Protection | 6 | 900 |
| Tome of Retraining | 1 | 300 |
| Potion of Invisibility | 2 | 200 |
| total: | 64 | 10275g |
| Peasant | 18 | 1350 | / | 0 |
| Footman | 6 | 810 | / | 0 |
| Priest | 4 | 540 | / | 40 |
| Knight | 9 | 2205 | / | 540 |
| Flying Machine | 15 | 1500 | / | 450 |
| Rifleman | 2 | 410 | / | 60 |
| Dragonhawk Rider | 5 | 1000 | / | 150 |
| Gryphon Rider | 5 | 1400 | / | 350 |
| Siege Engine | 4 | 780 | / | 240 |
| Mortar Team | 3 | 540 | / | 210 |
| Spell Breaker | 1 | 215 | / | 30 |
| Goblin Shredder | 2 | 750 | / | 200 |
| total: | 74 | 11500g | / | 2270w |
| Scout Tower | 26 | 780 | / | 520 |
| Guard Tower | 18 | 1260 | / | 900 |
| Altar of Kings | 1 | 180 | / | 50 |
| Barracks | 2 | 320 | / | 120 |
| Farm | 14 | 1120 | / | 280 |
| Arcane Vault | 1 | 130 | / | 30 |
| Lumber Mill | 1 | 120 | / | 0 |
| Blacksmith | 2 | 280 | / | 120 |
| Town Hall | 5 | 1925 | / | 1025 |
| Cannon Tower | 1 | 120 | / | 100 |
| Arcane Sanctum | 3 | 450 | / | 420 |
| Gryphon Aviary | 3 | 420 | / | 450 |
| Workshop | 5 | 700 | / | 700 |
| Keep | 2 | 640 | / | 420 |
| Castle | 1 | 360 | / | 210 |
| total: | 63 | 6425g | / | 3715w |
| 0:04 | Peasant |
| 0:05 | Peasant |
| 0:15 | Altar of Kings |
| 0:18 | Barracks |
| 0:21 | Farm |
| 0:35 | Peasant |
| 0:38 | Farm |
| 0:50 | Peasant |
| 1:13 | Peasant |
| 1:20 | Footman |
| 1:27 | Peasant |
| 1:37 | Footman |
| 1:51 | Farm |
| 2:00 | Footman |
| 2:16 | Summon Water Elemental |
| 2:19 | Footman |
| 2:34 | Footman |
| 2:35 | Peasant |
| 2:44 | Arcane Vault |
| 2:56 | Footman |
| 3:00 | Peasant |
| 3:00 | Peasant |
| 3:00 | Peasant |
| 3:14 | Brilliance Aura |
| 3:36 | Peasant |
| 3:53 | Keep |
| 4:00 | Lumber Mill |
| 4:02 | Blacksmith |
| 4:22 | Farm |
| 4:23 | Farm |
| 4:51 | Brilliance Aura |
| 5:16 | Improved Masonry |
| 5:23 | Iron Forged Swords |
| 5:27 | Iron Plating |
| 5:59 | Town Hall |
| 6:05 | Scout Tower |
| 6:06 | Scout Tower |
| 6:08 | Scout Tower |
| 6:09 | Scout Tower |
| 6:13 | Lesser Clarity Potion |
| 6:16 | Scroll of Regeneration |
| 6:24 | Lesser Clarity Potion |
| 6:24 | Scroll of Regeneration |
| 6:30 | Improved Lumber Harvesting |
| 6:36 | Arcane Sanctum |
| 6:40 | Guard Tower |
| 6:58 | Defend |
| 7:17 | Guard Tower |
| 7:32 | Castle |
| 7:41 | Summon Water Elemental |
| 8:19 | Peasant |
| 8:19 | Peasant |
| 8:36 | Steel Forged Swords |
| 8:52 | Peasant |
| 8:56 | Peasant |
| 9:05 | Priest |
| 9:06 | Priest Adept Training |
| 9:10 | Scroll of Regeneration |
| 9:10 | Lesser Clarity Potion |
| 9:10 | Mechanical Critter |
| 9:12 | Mechanical Critter |
| 9:15 | Storm Bolt |
| 9:25 | Gryphon Aviary |
| 9:28 | Blacksmith |
| 9:30 | Peasant |
| 9:30 | Peasant |
| 10:52 | Lesser Clarity Potion |
| 10:53 | Orb of Fire |
| 10:55 | Scroll of Town Portal |
| 10:59 | Steel Plating |
| 11:00 | Knight |
| 11:04 | Barracks |
| 11:06 | Workshop |
| 11:16 | Black Gunpowder |
| 11:32 | Guard Tower |
| 11:33 | Guard Tower |
| 11:36 | Advanced Masonry |
| 11:41 | Holy Light |
| 11:59 | Goblin Shredder |
| 11:59 | Goblin Shredder |
| 12:14 | Farm |
| 12:15 | Farm |
| 12:17 | Farm |
| 12:25 | Farm |
| 12:29 | Scout Tower |
| 12:30 | Scout Tower |
| 12:56 | Flying Machine |
| 12:59 | Rifleman |
| 13:06 | Bash |
| 13:17 | Town Hall |
| 13:19 | Scout Tower |
| 13:28 | Rifleman |
| 13:37 | Advanced Lumber Harvesting |
| 13:48 | Studded Leather Armor |
| 13:48 | Reinforced Leather Armor |
| 14:02 | Priest Master Training |
| 14:04 | Animal War Training |
| 14:06 | Knight |
| 14:07 | Knight |
| 14:11 | Lesser Clarity Potion |
| 14:29 | Priest |
| 14:32 | Workshop |
| 14:48 | Flying Machine |
| 14:54 | Dragonhawk Rider |
| 15:12 | Guard Tower |
| 15:16 | Guard Tower |
| 15:40 | Flying Machine |
| 15:41 | Flak Cannons |
| 15:43 | Gryphon Aviary |
| 15:59 | Flying Machine |
| 16:02 | Dragonhawk Rider |
| 16:02 | Cloud |
| 16:13 | Boots of Speed |
| 16:14 | Potion of Lesser Invulnerability |
| 16:19 | Scroll of Protection |
| 16:45 | Divine Shield |
| 17:10 | Knight |
| 17:18 | Guard Tower |
| 17:22 | Cannon Tower |
| 17:26 | Gryphon Rider |
| 17:35 | Scroll of Regeneration |
| 17:35 | Lesser Clarity Potion |
| 17:47 | Mithril Forged Swords |
| 17:51 | Flying Machine |
| 17:53 | Flying Machine |
| 18:24 | Town Hall |
| 18:29 | Scout Tower |
| 18:29 | Scout Tower |
| 18:30 | Scout Tower |
| 18:30 | Scout Tower |
| 18:40 | Scroll of Regeneration |
| 18:40 | Lesser Clarity Potion |
| 18:42 | Orb of Fire |
| 18:48 | Staff of Sanctuary |
| 18:48 | Staff of Sanctuary |
| 18:52 | Lesser Clarity Potion |
| 19:03 | Sundering Blades |
| 19:16 | Knight |
| 19:22 | Knight |
| 19:56 | Potion of Lesser Invulnerability |
| 19:56 | Scroll of Healing |
| 20:54 | Storm Bolt |
| 21:07 | Holy Light |
| 21:16 | Gryphon Rider |
| 21:18 | Siege Engine |
| 21:19 | Barrage |
| 21:21 | Gryphon Rider |
| 21:29 | Bash |
| 21:33 | Scroll of Regeneration |
| 21:33 | Lesser Clarity Potion |
| 21:40 | Orb of Fire |
| 21:44 | Scroll of Town Portal |
| 21:52 | Staff of Sanctuary |
| 22:02 | Mithril Plating |
| 22:02 | Refined Gunpowder |
| 22:05 | Scroll of Regeneration |
| 22:07 | Lesser Clarity Potion |
| 22:33 | Flying Machine Bombs |
| 22:35 | Control Magic |
| 22:35 | Magic Sentry |
| 22:36 | Storm Hammers |
| 22:43 | Potion of Lesser Invulnerability |
| 22:53 | Scroll of Healing |
| 23:04 | Scroll of Protection |
| 23:12 | Arcane Sanctum |
| 23:17 | Lesser Clarity Potion |
| 23:18 | Scroll of Regeneration |
| 23:48 | Guard Tower |
| 23:49 | Scout Tower |
| 23:50 | Scout Tower |
| 23:59 | Tome of Retraining |
| 23:59 | Retrain Hero |
| 24:01 | Boots of Speed |
| 24:02 | Blizzard |
| 24:02 | Blizzard |
| 24:03 | Brilliance Aura |
| 24:06 | Potion of Invisibility |
| 24:18 | Gryphon Aviary |
| 24:20 | Workshop |
| 25:10 | Blizzard |
| 25:22 | Divine Shield |
| 25:31 | Farm |
| 25:33 | Farm |
| 25:34 | Farm |
| 25:58 | Peasant |
| 27:51 | Storm Bolt |
| 28:11 | Holy Light |
| 28:23 | Guard Tower |
| 28:24 | Guard Tower |
| 28:28 | Dragonhawk Rider |
| 28:36 | Imbued Gunpowder |
| 28:37 | Dragonhide Armor |
| 28:39 | Workshop |
| 28:39 | Workshop |
| 28:46 | Scroll of Town Portal |
| 28:46 | Potion of Lesser Invulnerability |
| 28:54 | Potion of Invisibility |
| 28:54 | Scroll of Healing |
| 28:56 | Scroll of Protection |
| 29:27 | Flying Machine |
| 29:40 | Siege Engine |
| 29:43 | Flying Machine |
| 29:45 | Siege Engine |
| 29:48 | Flying Machine |
| 29:49 | Flying Machine |
| 30:04 | Flying Machine |
| 30:05 | Flying Machine |
| 30:07 | Gryphon Rider |
| 30:23 | Flying Machine |
| 31:25 | Mass Teleport |
| 31:59 | Flying Machine |
| 32:01 | Gryphon Rider |
| 32:49 | Potion of Lesser Invulnerability |
| 32:52 | Scroll of Healing |
| 32:53 | Scroll of Protection |
| 33:14 | Scroll of Town Portal |
| 33:18 | Scroll of Regeneration |
| 33:19 | Lesser Clarity Potion |
| 33:24 | Lesser Clarity Potion |
| 33:34 | Dragonhawk Rider |
| 33:37 | Flying Machine |
| 33:41 | Arcane Sanctum |
| 33:42 | Farm |
| 33:46 | Siege Engine |
| 33:58 | Scout Tower |
| 33:59 | Scout Tower |
| 34:00 | Scout Tower |
| 34:01 | Scout Tower |
| 34:11 | Priest |
| 34:13 | Priest |
| 34:25 | Scout Tower |
| 34:26 | Scout Tower |
| 34:27 | Scout Tower |
| 34:28 | Scout Tower |
| 34:33 | Scout Tower |
| 34:33 | Scout Tower |
| 35:08 | Scroll of Town Portal |
| 35:11 | Guard Tower |
| 35:12 | Scout Tower |
| 35:12 | Scout Tower |
| 35:13 | Scout Tower |
| 36:20 | Avatar |
| 36:35 | Dragonhawk Rider |
| 36:51 | Guard Tower |
| 36:53 | Guard Tower |
| 37:01 | Guard Tower |
| 37:04 | Farm |
| 37:54 | Town Hall |
| 38:13 | Potion of Lesser Invulnerability |
| 38:18 | Scroll of Healing |
| 39:09 | Scroll of Healing |
| 39:34 | Scroll of Protection |
| 39:34 | Scroll of Protection |
| 40:54 | Resurrection |
| 40:54 | Resurrection |
| 41:07 | Town Hall |
| 41:18 | Scroll of Regeneration |
| 42:04 | Potion of Lesser Invulnerability |
| 42:49 | Mortar Team |
| 42:51 | Knight |
| 42:55 | Knight |
| 43:10 | Scroll of Regeneration |
| 43:10 | Lesser Clarity Potion |
| 43:36 | Spell Breaker |
| 44:13 | Lesser Clarity Potion |
| 44:13 | Scroll of Regeneration |
| 44:33 | Knight |
| 44:34 | Mortar Team |
| 44:36 | Mortar Team |
| 45:58 | Brilliance Aura |
| 50:01 | Bash |
| 51:50 | Divine Shield |
| 54:37 | Summon Water Elemental |
| Right click | 6469 |
| Select group | 4176 |
| Select | 2420 |
| Build/train/purchase | 399 |
| Misc. action | 210 |
| Use ability | 184 |
| Assign group | 181 |
| Item give/drop | 16 |
| Chat | 10 |
| Esc | 7 |
| Remove unit | 1 |
59 units @ 8.8k
/ 1.6k
25 buildings @ 4.1k
/ 2.1k



| Scroll of Town Portal | 2 | 700 |
| total: | 2 | 700g |
| Wisp | 27 | 1620 | / | 0 |
| Archer | 7 | 910 | / | 70 |
| Mountain Giant | 7 | 2450 | / | 700 |
| Hippogryph | 7 | 1120 | / | 140 |
| Dryad | 5 | 725 | / | 300 |
| Chimaera | 6 | 1980 | / | 420 |
| total: | 59 | 8805g | / | 1630w |
| Ancient Protector | 7 | 945 | / | 560 |
| Altar of Elders | 1 | 180 | / | 50 |
| Moon Well | 8 | 1440 | / | 320 |
| Ancient of War | 1 | 150 | / | 60 |
| Hunter's Hall | 1 | 210 | / | 100 |
| Tree of Life | 1 | 340 | / | 185 |
| Ancient of Wonders | 1 | 90 | / | 30 |
| Ancient of Lore | 2 | 310 | / | 290 |
| Ancient of Wind | 1 | 150 | / | 140 |
| Chimaera Roost | 2 | 280 | / | 380 |
| Tree of Ages | 2 | 640 | / | 360 |
| Tree of Eternity | 2 | 660 | / | 400 |
| total: | 25 | 4095g | / | 2115w |
| 0:04 | Wisp |
| 0:05 | Wisp |
| 0:08 | Altar of Elders |
| 0:24 | Wisp |
| 0:32 | Wisp |
| 0:35 | Moon Well |
| 0:51 | Ancient of War |
| 0:55 | Wisp |
| 1:00 | Wisp |
| 1:32 | Wisp |
| 1:32 | Wisp |
| 1:37 | Moon Well |
| 1:52 | Wisp |
| 1:53 | Wisp |
| 1:58 | Archer |
| 2:19 | Wisp |
| 2:25 | Evasion |
| 2:29 | Archer |
| 2:32 | Moon Well |
| 2:47 | Wisp |
| 2:59 | Archer |
| 3:09 | Hunter's Hall |
| 3:20 | Archer |
| 3:31 | Archer |
| 3:52 | Tree of Ages |
| 4:39 | Immolation |
| 4:57 | Tree of Life |
| 5:05 | Moon Well |
| 5:11 | Ancient of Wonders |
| 5:19 | Archer |
| 5:22 | Strength of the Wild |
| 5:27 | Strength of the Moon |
| 5:37 | Archer |
| 7:13 | Ancient of Lore |
| 7:15 | Wisp |
| 7:15 | Wisp |
| 7:17 | Wisp |
| 7:17 | Wisp |
| 7:17 | Wisp |
| 7:18 | Wisp |
| 7:18 | Wisp |
| 7:35 | Trueshot Aura |
| 7:39 | Improved Bows |
| 7:48 | Ancient of Lore |
| 8:06 | Ancient of Wind |
| 8:28 | Mountain Giant |
| 8:34 | Tree of Eternity |
| 9:07 | Mountain Giant |
| 9:14 | Wisp |
| 9:14 | Wisp |
| 9:32 | Hippogryph |
| 9:32 | Hippogryph |
| 10:15 | Moon Well |
| 10:17 | Moon Well |
| 10:27 | Ancient Protector |
| 10:29 | Ancient Protector |
| 10:30 | Wisp |
| 10:31 | Wisp |
| 10:49 | Reinforced Hides |
| 10:50 | Moon Armor |
| 10:59 | Hardened Skin |
| 11:00 | Resistant Skin |
| 11:14 | Hippogryph |
| 11:14 | Hippogryph |
| 11:34 | Evasion |
| 11:43 | Abolish Magic |
| 12:12 | Mountain Giant |
| 12:14 | Dryad |
| 12:14 | Dryad |
| 12:46 | Wisp |
| 12:46 | Wisp |
| 12:52 | Searing Arrows |
| 13:07 | Force of Nature |
| 13:26 | Ancient Protector |
| 13:28 | Nature's Blessing |
| 13:47 | Ancient Protector |
| 14:28 | Improved Strength of the Moon |
| 14:29 | Improved Strength of the Wild |
| 14:31 | Dryad |
| 14:38 | Moon Well |
| 14:40 | Moon Well |
| 14:52 | Scroll of Town Portal |
| 15:29 | Wisp |
| 15:29 | Wisp |
| 15:40 | Chimaera Roost |
| 16:17 | Ancient Protector |
| 16:20 | Ancient Protector |
| 17:14 | Mountain Giant |
| 17:16 | Corrosive Breath |
| 17:19 | Chimaera Roost |
| 17:24 | Ancient Protector |
| 17:43 | Hippogryph |
| 17:43 | Hippogryph |
| 18:05 | Mountain Giant |
| 18:10 | Chimaera |
| 18:40 | Dryad |
| 18:44 | Chimaera |
| 19:20 | Hippogryph |
| 19:41 | Scroll of Town Portal |
| 20:53 | Chimaera |
| 20:57 | Chimaera |
| 20:58 | Chimaera |
| 22:34 | Searing Arrows |
| 23:14 | Trueshot Aura |
| 23:57 | Chimaera |
| 24:17 | Mountain Giant |
| 24:30 | Mountain Giant |
| 25:22 | Dryad |
| Right click | 602 |
| Select | 589 |
| Build/train/purchase | 132 |
| Misc. action | 95 |
| Use ability | 17 |
| Esc | 1 |
⇛